[Event "Slovenian chT 2019"]
[Site "Slovenia"]
[Date "2019.11.23"]
[Round "5"]
[White "Rozman, Monika"]
[Black "Zupancic, Urban"]
[Result "1/2-1/2"]
[ECO "C88"]
[WhiteElo "2127"]
[BlackElo "1993"]
[Annotator "ChessBase"]
[PlyCount "115"]
[EventDate "2019.??.??"]
[EventCountry "SLO"]
[SourceTitle "playchess.com"]
[Source "ChessBase"]
[SourceQuality "1"]
[TimeControl "40/5400+30:1800+30"]

1. e4 e5 2. Nf3 Nc6 3. Bb5 a6 4. Ba4 Nf6 5. O-O Be7 6. Re1 b5 7. Bb3 d6 8. c3 O-O 9. a4 Bb7 10. d3 Na5 11. Bc2 c5 12. Nbd2 Qc7 13. Nf1 Rfe8 14. Ng3 Bf8 15. Bg5 Nd7 16. d4 cxd4 17. cxd4 d5 18. Rc1 Qb6 19. dxe5 Bc5 20. Re2 Nxe5 21. Nxe5 Rxe5 22. Bf4 Ree8 23. exd5 Rxe2 24. Qxe2 Rd8 25. Ne4 Bf8 26. Ng5 g6 27. Be4 Nc4 28. Qf3 Qf6 29. b3 Nd6 30. h4 h6 31. Bxd6 Qxf3 32. Nxf3 Rxd6 33. Rc7 Bxd5 34. Bxd5 Rxd5 35. Kf1 bxa4 36. bxa4 a5 37. Ke2 Bb4 38. g4 Kf8 39. g5 h5 40. Ke3 Ke8 41. Ke4 Rc5 42. Rxc5 Bxc5 43. Nd4 Bb4 44. f4 Kd7 45. f5 Kd6 46. Nf3 Bc3 47. Kd3 Bg7 48. f6 Bf8 49. Ke4 Ke6 50. Nd4+ Kd7 51. Kd5 Bd6 52. Nf3 Bg3 53. Ne5+ Ke8 54. Nf3 Kd7 55. Ne5+ Ke8 56. Nf3 Kd7 57. Ne5+ Ke8 58. Nf3 1/2-1/2

[Event "Slovenian chT 2019"]
[Site "Slovenia"]
[Date "2019.11.23"]
[Round "5"]
[White "Pozun, Matej"]
[Black "Murko, David"]
[Result "1/2-1/2"]
[ECO "B76"]
[WhiteElo "2099"]
[BlackElo "2170"]
[Annotator "ChessBase"]
[PlyCount "118"]
[EventDate "2019.??.??"]
[EventCountry "SLO"]
[SourceTitle "playchess.com"]
[Source "ChessBase"]
[SourceQuality "1"]
[TimeControl "40/5400+30:1800+30"]

1. e4 c5 2. Nf3 d6 3. d4 cxd4 4. Nxd4 Nf6 5. Nc3 g6 6. Be3 Bg7 7. f3 O-O 8. Qd2 Nc6 9. O-O-O d5 10. exd5 Nxd5 11. Nxc6 bxc6 12. Bd4 Bxd4 13. Qxd4 Qb6 14. Na4 Qc7 15. Bc4 Rd8 16. Bb3 Bf5 17. g3 Rd6 18. Qe5 Rad8 19. g4 Be6 20. Rd2 R6d7 21. Qxc7 Nxc7 22. Rxd7 Rxd7 23. Nc5 Rd6 24. Nxe6 fxe6 25. Re1 Kf7 26. Re4 Kf6 27. Rf4+ Kg7 28. c3 Nd5 29. Ra4 Rd7 30. Ra6 Rc7 31. g5 h6 32. h4 Nf4 33. Kd2 hxg5 34. hxg5 Nh3 35. Ra5 c5 36. Bxe6 Nxg5 37. Bg4 Nf7 38. b4 cxb4 39. cxb4 Nd6 40. Kd3 Kf6 41. a3 Nc4 42. Ra6+ Kg5 43. Be6 Nd6 44. a4 Kf4 45. Bd5 g5 46. b5 Nb7 47. Bxb7 Rxb7 48. Rg6 Rd7+ 49. Kc4 e5 50. Rf6+ Ke3 51. a5 e4 52. fxe4 Kxe4 53. Rg6 Kf4 54. Kc5 g4 55. Kc6 Re7 56. b6 axb6 57. axb6 g3 58. b7 Rxb7 59. Kxb7 Kf3 1/2-1/2

[Event "Slovenian chT 2019"]
[Site "Slovenia"]
[Date "2019.11.23"]
[Round "5"]
[White "Rozic, Adrijan"]
[Black "Srebrnic, Ana"]
[Result "1/2-1/2"]
[ECO "A46"]
[WhiteElo "2048"]
[BlackElo "2165"]
[Annotator "NA"]
[PlyCount "76"]
[EventDate "2019.??.??"]
[EventCountry "SLO"]
[SourceTitle "playchess.com"]
[Source "ChessBase"]
[SourceQuality "1"]
[TimeControl "40/5400+30:1800+30"]

1. d4 Nf6 2. Nf3 d6 3. Bg5 Nbd7 4. Nbd2 h6 5. Bh4 g5 6. Bg3 Nh5 7. e4 Bg7 8. c3 c5 9. d5 Ndf6 10. Bb5+ Bd7 11. Bxd7+ Qxd7 12. O-O O-O 13. Re1 Nxg3 14. hxg3 b5 15. b3 Rfe8 16. Qc2 e6 17. c4 exd5 18. exd5 Ng4 19. Rad1 b4 20. Nb1 a5 21. a4 Rad8 22. Kf1 f5 23. Rxe8+ Rxe8 24. Re1 Rxe1+ 25. Kxe1 Kf7 26. Kf1 Bf6 27. Qe2 Qe7 28. Qxe7+ Kxe7 29. Ke2 Bb2 30. Nbd2 Kf6 31. Nf1 Ne5 32. Nxe5 Kxe5 33. Kd3 Bd4 34. f3 Bf2 35. Ke2 Bd4 36. Kd3 h5 37. Nd2 Bc3 38. f4+ Kf6 1/2-1/2

[Event "Slovenian chT 2019"]
[Site "Slovenia"]
[Date "2019.11.23"]
[Round "5"]
[White "Rifelj, Luka"]
[Black "Slibar, Matjaz"]
[Result "1/2-1/2"]
[ECO "D52"]
[WhiteElo "1961"]
[BlackElo "2188"]
[Annotator "NA"]
[PlyCount "91"]
[EventDate "2019.??.??"]
[EventCountry "SLO"]
[SourceTitle "playchess.com"]
[Source "ChessBase"]
[SourceQuality "1"]
[TimeControl "40/5400+30:1800+30"]

1. d4 d5 2. Nf3 Nf6 3. c4 c6 4. Nc3 e6 5. Bg5 Nbd7 6. e3 Qa5 7. Nd2 Bb4 8. Qc2 O-O 9. Be2 c5 10. O-O cxd4 11. exd4 dxc4 12. Bxf6 Nxf6 13. Nxc4 Qc7 14. Nb5 Qb8 15. Ne5 Bd6 16. Nxd6 Qxd6 17. Rfd1 Bd7 18. Bf3 Rac8 19. Qd2 Rc7 20. Rac1 Rfc8 21. Nxd7 Qxd7 22. g3 g6 23. Rxc7 Rxc7 24. d5 Nxd5 25. Bxd5 Qxd5 26. Qxd5 exd5 27. Rxd5 Rc2 28. Rb5 b6 29. a4 Kf8 30. b4 Ra2 31. a5 bxa5 32. bxa5 a6 33. Re5 f6 34. Re6 Rxa5 35. Rxf6+ Kg7 36. Rb6 g5 37. g4 Ra1+ 38. Kg2 a5 39. Ra6 a4 40. Ra7+ Kg6 41. h4 gxh4 42. f4 Ra3 43. Ra6+ Kg7 44. Ra7+ Kg6 45. Ra6+ Kg7 46. Ra7+ 1/2-1/2

[Event "Slovenian chT 2019"]
[Site "Slovenia"]
[Date "2019.11.24"]
[Round "6"]
[White "Lenic, Luka"]
[Black "Kastelic, Marian"]
[Result "1-0"]
[ECO "D36"]
[WhiteElo "2633"]
[BlackElo "2248"]
[Annotator "ChessBase"]
[PlyCount "73"]
[EventDate "2019.??.??"]
[EventCountry "SLO"]
[SourceTitle "playchess.com"]
[Source "ChessBase"]
[SourceQuality "1"]
[TimeControl "40/5400+30:1800+30"]

1. d4 Nf6 2. c4 e6 3. Nc3 d5 4. cxd5 exd5 5. Bg5 Be7 6. Qc2 c6 7. e3 Nbd7 8. Bd3 h6 9. Bh4 Nh5 10. Bxe7 Qxe7 11. Nge2 Nhf6 12. O-O-O O-O 13. Kb1 Nb6 14. h3 Nc4 15. e4 Qb4 16. Qb3 Qxb3 17. axb3 Nb6 18. e5 Ne8 19. f4 f5 20. Rdg1 h5 21. Nd1 g6 22. g4 Ng7 23. gxh5 gxh5 24. Rg6 Kf7 25. Rhg1 Rg8 26. Rf6+ Ke7 27. Ne3 Be6 28. Rh6 Raf8 29. Rg5 Rf7 30. Ng3 Nd7 31. Nxh5 Nxh5 32. Rhxh5 Rxg5 33. Rxg5 Nf8 34. Kc2 Kd8 35. Nxf5 Rh7 36. Nd6 Rxh3 37. f5 1-0

[Event "Slovenian chT 2019"]
[Site "Slovenia"]
[Date "2019.11.24"]
[Round "6"]
[White "Aczel, Gergely"]
[Black "Beliavsky, Alexander G"]
[Result "1/2-1/2"]
[ECO "E51"]
[WhiteElo "2515"]
[BlackElo "2519"]
[Annotator "ChessBase"]
[PlyCount "113"]
[EventDate "2019.??.??"]
[EventCountry "SLO"]
[SourceTitle "playchess.com"]
[Source "ChessBase"]
[SourceQuality "1"]
[TimeControl "40/5400+30:1800+30"]

1. d4 Nf6 2. c4 e6 3. Nc3 Bb4 4. e3 O-O 5. Bd2 d5 6. Nf3 Nbd7 7. cxd5 exd5 8. Qb3 c5 9. dxc5 a5 10. Be2 Nxc5 11. Qd1 Nfe4 12. O-O Nxd2 13. Qxd2 Ne4 14. Qc2 Bf5 15. Nd4 Bg6 16. Nxe4 dxe4 17. Rac1 Rc8 18. Qb3 Qe7 19. Bg4 Rcd8 20. g3 Kh8 21. Rfd1 f5 22. Be2 Rf6 23. Qc2 h6 24. Qc7 Rd7 25. Qb8+ Rf8 26. Qa7 Qf6 27. a3 Bd6 28. Qxa5 f4 29. exf4 Bxf4 30. gxf4 Qxf4 31. Kh1 Rxd4 32. Qc5 Rxd1+ 33. Rxd1 Qxf2 34. Qxf2 Rxf2 35. Re1 e3 36. Kg1 Be4 37. Bf1 Rxb2 38. Rxe3 Bc6 39. Be2 Kg8 40. Bf3 Kf7 41. Bxc6 bxc6 42. a4 Rb6 43. Kf2 Ra6 44. Re4 Kf6 45. Ke3 Kf5 46. h4 Rb6 47. Rf4+ Ke5 48. Rg4 Rb7 49. Kd3 Kd5 50. Rd4+ Kc5 51. Rc4+ Kd6 52. Rd4+ Kc7 53. Rg4 Kb8 54. Kc4 Rf7 55. a5 Kb7 56. Kb4 Kc7 57. Kc4 1/2-1/2

[Event "Slovenian chT 2019"]
[Site "Slovenia"]
[Date "2019.11.24"]
[Round "6"]
[White "Mikhalchishin, Adrian"]
[Black "Hiti, Domen"]
[Result "1-0"]
[ECO "D30"]
[WhiteElo "2467"]
[BlackElo "2251"]
[Annotator "ChessBase"]
[PlyCount "90"]
[EventDate "2019.??.??"]
[EventCountry "SLO"]
[SourceTitle "playchess.com"]
[Source "ChessBase"]
[SourceQuality "1"]
[TimeControl "40/5400+30:1800+30"]

1. Nf3 d5 2. d4 c6 3. c4 e6 4. Bg5 Nf6 5. Nbd2 Be7 6. e3 Nbd7 7. Bd3 O-O 8. O-O dxc4 9. Nxc4 Nd5 10. Bxe7 Qxe7 11. Rc1 Rd8 12. Bb1 Nf8 13. e4 Nb6 14. Ne3 Bd7 15. Qb3 Be8 16. a4 c5 17. Qa3 Nxa4 18. b3 Nb6 19. Qxc5 Qxc5 20. Rxc5 Rac8 21. Rfc1 Rxc5 22. dxc5 Rc8 23. b4 a5 24. bxa5 Na4 25. c6 Rxc6 26. Rxc6 Bxc6 27. Nd4 Bd7 28. Nc4 Nc5 29. e5 Ng6 30. Bxg6 hxg6 31. Nd6 g5 32. Nxb7 Na6 33. Nb3 Nb4 34. N3c5 Bc6 35. Nd6 Ba8 36. Nc8 Kf8 37. Nb6 Bc6 38. a6 Nd5 39. Nxd5 exd5 40. f3 Ke7 41. Nb3 Kd7 42. Nd4 Ba8 43. Kf2 f6 44. e6+ Ke7 45. Ke3 Ke8 1-0

[Event "Slovenian chT 2019"]
[Site "Slovenia"]
[Date "2019.11.24"]
[Round "6"]
[White "Kovacevic, Blazimir"]
[Black "Ruck, Robert"]
[Result "0-1"]
[ECO "D04"]
[WhiteElo "2453"]
[BlackElo "2526"]
[Annotator "ChessBase"]
[PlyCount "94"]
[EventDate "2019.??.??"]
[EventCountry "SLO"]
[SourceTitle "playchess.com"]
[Source "ChessBase"]
[SourceQuality "1"]
[TimeControl "40/5400+30:1800+30"]

1. Nf3 d5 2. e3 Nf6 3. d4 c6 4. Bd3 Bg4 5. Nbd2 Nbd7 6. b3 e5 7. dxe5 Nxe5 8. Bb2 Nxf3+ 9. Nxf3 Ba3 10. Bxa3 Qa5+ 11. c3 Qxa3 12. Qc2 Qe7 13. Nd4 O-O 14. O-O g6 15. h3 Bd7 16. c4 Rad8 17. Rfd1 dxc4 18. Qxc4 c5 19. Ne2 Bc6 20. Rac1 b6 21. Qh4 Rd7 22. Nc3 Rfd8 23. Be2 Qe5 24. Qf4 Qxf4 25. exf4 Kf8 26. Kf1 Ne4 27. Nxe4 Bxe4 28. g3 Rxd1+ 29. Rxd1 Rxd1+ 30. Bxd1 Ke7 31. Ke2 Bb1 32. a3 Bf5 33. h4 Bg4+ 34. f3 Be6 35. Kd3 Kd6 36. Kc3 b5 37. Bc2 Bd5 38. Bd1 a5 39. Be2 b4+ 40. Kb2 Be6 41. Bc4 Bxc4 42. bxc4 a4 43. Ka2 b3+ 44. Kb2 Ke6 45. Kc3 Kf5 46. Kd3 f6 47. Kc3 g5 0-1

[Event "Slovenian chT 2019"]
[Site "Slovenia"]
[Date "2019.11.24"]
[Round "6"]
[White "Markoja, Boris"]
[Black "Janzelj, Tim"]
[Result "1/2-1/2"]
[ECO "E05"]
[WhiteElo "2445"]
[BlackElo "2448"]
[Annotator "NA RC"]
[PlyCount "52"]
[EventDate "2019.??.??"]
[EventCountry "SLO"]
[SourceTitle "playchess.com"]
[Source "ChessBase"]
[SourceQuality "1"]
[TimeControl "40/5400+30:1800+30"]

1. d4 Nf6 2. c4 e6 3. g3 d5 4. Nf3 Be7 5. Bg2 O-O 6. O-O dxc4 7. Qa4 a6 8. Qxc4 b5 9. Qc2 Bb7 10. Bd2 Be4 11. Qc1 c6 12. a4 Nbd7 13. Nc3 Bg6 14. Ne5 Nxe5 15. dxe5 Nd5 16. axb5 axb5 17. Nxd5 cxd5 18. Rxa8 Qxa8 19. Qc7 Re8 20. Bf3 b4 21. Rc1 Kf8 22. Qd7 Rd8 23. Qb5 Rb8 24. Qd7 Rd8 25. Qb5 Rb8 26. Qd7 Rd8 1/2-1/2

[Event "Slovenian chT 2019"]
[Site "Slovenia"]
[Date "2019.11.24"]
[Round "6"]
[White "Tratar, Marko"]
[Black "Muha, Miljenko"]
[Result "1-0"]
[ECO "D94"]
[WhiteElo "2443"]
[BlackElo "2313"]
[Annotator "NA"]
[PlyCount "115"]
[EventDate "2019.??.??"]
[EventCountry "SLO"]
[SourceTitle "playchess.com"]
[Source "ChessBase"]
[SourceQuality "1"]
[TimeControl "40/5400+30:1800+30"]

1. c4 c6 2. Nf3 d5 3. e3 g6 4. Nc3 Nf6 5. d4 Bg7 6. cxd5 cxd5 7. Bb5+ Nbd7 8. Qb3 e6 9. O-O O-O 10. a4 a6 11. Be2 b6 12. Rd1 Bb7 13. Bd2 Qb8 14. a5 b5 15. Na2 Rc8 16. Bb4 Ne4 17. Nc1 Qc7 18. Nd3 Qc2 19. Qxc2 Rxc2 20. Kf1 Rac8 21. Nfe1 R2c6 22. f3 Nd6 23. Kf2 Bf8 24. b3 R8c7 25. Nc5 Bc8 26. Ned3 Nb7 27. Nxd7 Bxd7 28. Bxf8 Kxf8 29. b4 Bc8 30. Nc5 Nxc5 31. dxc5 Rd7 32. Ra2 Bb7 33. Rad2 Rc8 34. e4 Ke7 35. f4 Rcd8 36. exd5 exd5 37. Bg4 Rc7 38. Bf3 Kf6 39. Re1 Bc6 40. g4 h6 41. h4 g5 42. Kg3 gxh4+ 43. Kxh4 d4 44. Bxc6 Rxc6 45. Red1 Re8 46. Rxd4 Kg7 47. Rd6 Rc7 48. g5 hxg5+ 49. Kxg5 Ra7 50. Kf5 Kf8 51. Rd8 Rae7 52. R1d5 Rxd8 53. Rxd8+ Kg7 54. Rd6 Re3 55. Rxa6 Rb3 56. Rb6 Rxb4 57. a6 Ra4 58. c6 1-0

[Event "Slovenian chT 2019"]
[Site "Slovenia"]
[Date "2019.11.24"]
[Round "6"]
[White "Sakelsek, Tadej"]
[Black "Rozic, Samo"]
[Result "1-0"]
[ECO "A86"]
[WhiteElo "2422"]
[BlackElo "2205"]
[Annotator "NA"]
[PlyCount "63"]
[EventDate "2019.??.??"]
[EventCountry "SLO"]
[SourceTitle "playchess.com"]
[Source "ChessBase"]
[SourceQuality "1"]
[TimeControl "40/5400+30:1800+30"]

1. d4 f5 2. g3 Nf6 3. Bg2 g6 4. c4 Bg7 5. Nc3 O-O 6. Nh3 d6 7. d5 Bd7 8. Nf4 Na6 9. Rb1 c6 10. Be3 Nc7 11. O-O g5 12. Nh3 h6 13. f4 g4 14. Nf2 cxd5 15. cxd5 Nb5 16. Nxb5 Bxb5 17. Qd2 Qd7 18. Bd4 Ba6 19. Rbd1 Rfc8 20. Rfe1 Rc7 21. e4 Rac8 22. exf5 Qxf5 23. Bxa7 Rc2 24. Qe3 Rxb2 25. Qxe7 Qc2 26. Bd4 Re8 27. Qxd6 Rxa2 28. Rxe8+ Nxe8 29. Qe6+ Kf8 30. Re1 Bb5 31. Be4 Qd2 32. Bc5+ 1-0

[Event "Slovenian chT 2019"]
[Site "Slovenia"]
[Date "2019.11.24"]
[Round "6"]
[White "Podkriznik, Gregor"]
[Black "Markun, Bostjan"]
[Result "1-0"]
[ECO "E62"]
[WhiteElo "2408"]
[BlackElo "2260"]
[Annotator "NA"]
[PlyCount "107"]
[EventDate "2019.??.??"]
[EventCountry "SLO"]
[SourceTitle "playchess.com"]
[Source "ChessBase"]
[SourceQuality "1"]
[TimeControl "40/5400+30:1800+30"]

1. c4 g6 2. d4 Nf6 3. g3 Bg7 4. Bg2 O-O 5. Nc3 d6 6. Nf3 c6 7. O-O Bf5 8. Qb3 Qb6 9. Re1 Ne4 10. Nh4 Nxc3 11. Nxf5 gxf5 12. bxc3 Qxb3 13. axb3 e6 14. e4 fxe4 15. Bxe4 d5 16. Bd3 Nd7 17. Kg2 a6 18. Ra2 Rfd8 19. Be3 Rac8 20. c5 Nf6 21. f3 Re8 22. Bf2 Nd7 23. Rae2 Nf8 24. f4 f6 25. g4 Kf7 26. Kf3 Rcd8 27. h4 Rc8 28. Bg3 Re7 29. b4 Rce8 30. Bc2 Kg8 31. Kg2 Kf7 32. Kf2 Kg8 33. f5 e5 34. dxe5 fxe5 35. g5 Nd7 36. f6 Nxf6 37. gxf6 Bxf6 38. c4 d4 39. Re4 Bg7 40. Bd3 Rf8+ 41. Kg2 Rfe8 42. Rg4 Kh8 43. Kh3 Bh6 44. Rge4 Be3 45. Rf1 Bh6 46. Rf5 Bg7 47. h5 h6 48. Kg4 Kg8 49. Kf3 Rf7 50. Rxf7 Kxf7 51. Rg4 Rf8 52. Ke4 Re8 53. Rg6 Ra8 54. Bxe5 1-0

[Event "Slovenian chT 2019"]
[Site "Slovenia"]
[Date "2019.11.24"]
[Round "6"]
[White "Stajner, Samo"]
[Black "Trbojevic, Mladen"]
[Result "0-1"]
[ECO "A02"]
[WhiteElo "2380"]
[BlackElo "2335"]
[Annotator "NA"]
[PlyCount "90"]
[EventDate "2019.??.??"]
[EventCountry "SLO"]
[SourceTitle "playchess.com"]
[Source "ChessBase"]
[SourceQuality "1"]
[TimeControl "40/5400+30:1800+30"]

1. b3 Nf6 2. Bb2 g6 3. f4 Bg7 4. Nf3 O-O 5. g3 d6 6. Bg2 Nc6 7. O-O e5 8. fxe5 Ng4 9. Na3 Ngxe5 10. Nxe5 Nxe5 11. Nc4 Nxc4 12. Bxg7 Ne3 13. dxe3 Kxg7 14. Qd4+ f6 15. Rf4 c6 16. Rd1 Qb6 17. Qxb6 axb6 18. a4 d5 19. e4 g5 20. Rff1 dxe4 21. Bxe4 Bh3 22. Rf3 Rae8 23. Bd3 Bg4 24. Rf2 Rd8 25. Kg2 Rd6 26. Rh1 Be6 27. h4 h6 28. Kf1 Bd5 29. e4 Bg8 30. Ke2 Re8 31. hxg5 fxg5 32. Rhf1 Re7 33. Kf3 Bh7 34. Re1 Rde6 35. Rh2 Bg6 36. Rd2 Re5 37. c3 h5 38. Bc2 g4+ 39. Kf4 Rc5 40. Rd3 Rf7+ 41. Ke3 Bxe4 42. Kxe4 Re7+ 43. Kf4 Rxe1 44. c4 Rce5 45. Rd7+ Kf6 0-1

[Event "Slovenian chT 2019"]
[Site "Slovenia"]
[Date "2019.11.24"]
[Round "6"]
[White "Tomazini, Zan"]
[Black "Drnovsek, Gal"]
[Result "1-0"]
[ECO "B52"]
[WhiteElo "2359"]
[BlackElo "2394"]
[Annotator "NA"]
[PlyCount "81"]
[EventDate "2019.??.??"]
[EventCountry "SLO"]
[SourceTitle "playchess.com"]
[Source "ChessBase"]
[SourceQuality "1"]
[TimeControl "40/5400+30:1800+30"]

1. e4 c5 2. Nf3 d6 3. Bb5+ Bd7 4. c4 Nf6 5. Nc3 Bxb5 6. cxb5 a6 7. bxa6 Nxa6 8. d4 cxd4 9. Qxd4 Nc5 10. e5 Nfd7 11. exd6 Nb3 12. axb3 Rxa1 13. O-O Nf6 14. Re1 Qc8 15. h3 e6 16. Ne5 Nd7 17. Rd1 f6 18. Nf3 Qc6 19. Qg4 f5 20. Qf4 Ra6 21. Qe3 Bxd6 22. Qxe6+ Be7 23. Qxf5 Nf6 24. Qe5 Ra8 25. Re1 O-O 26. Qxe7 Rfe8 27. Qb4 Ra1 28. Be3 Rxe1+ 29. Nxe1 Kh8 30. Qc4 Qd7 31. Nf3 Rc8 32. Qh4 Qf5 33. Nd4 Qe5 34. Qf4 Qxf4 35. Bxf4 Kg8 36. Nf5 Ra8 37. Nd6 b6 38. Be3 Nd7 39. Nc4 Nc5 40. b4 Nd3 41. b5 1-0

[Event "Slovenian chT 2019"]
[Site "Slovenia"]
[Date "2019.11.24"]
[Round "6"]
[White "Jelen, Igor"]
[Black "Bratkovic, Jakob"]
[Result "1-0"]
[ECO "E52"]
[WhiteElo "2350"]
[BlackElo "2308"]
[Annotator "NA"]
[PlyCount "73"]
[EventDate "2019.??.??"]
[EventCountry "SLO"]
[SourceTitle "playchess.com"]
[Source "ChessBase"]
[SourceQuality "1"]
[TimeControl "40/5400+30:1800+30"]

1. d4 Nf6 2. c4 e6 3. Nc3 Bb4 4. e3 O-O 5. Bd3 d5 6. a3 Bxc3+ 7. bxc3 dxc4 8. Bxc4 c5 9. Bb2 Qc7 10. Qe2 b6 11. Nf3 Bb7 12. O-O Nbd7 13. Bd3 e5 14. Nxe5 Nxe5 15. dxe5 Qxe5 16. c4 Qe6 17. f3 Rfe8 18. Rfe1 Nd7 19. Qc2 Qh6 20. e4 Ne5 21. Bf1 Rad8 22. Rad1 Qg5 23. Qf2 Nc6 24. f4 Qe7 25. e5 Rxd1 26. Rxd1 Rd8 27. Rd2 Rd7 28. f5 Qd8 29. Re2 Nd4 30. Re3 Qg5 31. Rg3 Qh5 32. f6 g6 33. Bxd4 cxd4 34. Qf4 h6 35. h3 d3 36. Bxd3 g5 37. Qf5 1-0

[Event "Slovenian chT 2019"]
[Site "Slovenia"]
[Date "2019.11.24"]
[Round "6"]
[White "Gjuran, Denis"]
[Black "Rajkovic, Dusan"]
[Result "1/2-1/2"]
[ECO "B22"]
[WhiteElo "2331"]
[BlackElo "2258"]
[Annotator "NA"]
[PlyCount "53"]
[EventDate "2019.??.??"]
[EventCountry "SLO"]
[SourceTitle "playchess.com"]
[Source "ChessBase"]
[SourceQuality "1"]
[TimeControl "40/5400+30:1800+30"]

1. e4 c5 2. c3 Nf6 3. e5 Nd5 4. d4 cxd4 5. Nf3 e6 6. cxd4 d6 7. Bc4 Nc6 8. O-O Nb6 9. Bd3 Nb4 10. Bg5 Be7 11. Bxe7 Qxe7 12. Nc3 Nxd3 13. Qxd3 dxe5 14. dxe5 O-O 15. Ne4 h6 16. Nd6 Nd5 17. Rac1 b6 18. Nd4 Qg5 19. Qg3 Bd7 20. f4 Qxg3 21. hxg3 a5 22. Rf3 a4 23. g4 Ra5 24. Nb7 Ra7 25. Nd6 Ra5 26. Nb7 Ra7 27. Nd6 1/2-1/2

[Event "Slovenian chT 2019"]
[Site "Slovenia"]
[Date "2019.11.24"]
[Round "6"]
[White "Mazi, Leon"]
[Black "Tomazini, Aljosa"]
[Result "1/2-1/2"]
[ECO "B46"]
[WhiteElo "2326"]
[BlackElo "2388"]
[Annotator "NA"]
[PlyCount "46"]
[EventDate "2019.??.??"]
[EventCountry "SLO"]
[SourceTitle "playchess.com"]
[Source "ChessBase"]
[SourceQuality "1"]
[TimeControl "40/5400+30:1800+30"]

1. e4 c5 2. Nf3 e6 3. d4 cxd4 4. Nxd4 Nc6 5. Nc3 Qc7 6. f4 a6 7. Nxc6 bxc6 8. Bd3 d5 9. O-O Nf6 10. Qf3 Be7 11. Kh1 O-O 12. Bd2 Rd8 13. Rae1 c5 14. e5 Nd7 15. Qh5 g6 16. Qh6 Nb8 17. Rf3 Bf8 18. Qh4 Be7 19. Qh6 Bf8 20. Qh4 Be7 21. Qh6 Bf8 22. Qh4 Be7 23. Qh6 Bf8 1/2-1/2

[Event "Slovenian chT 2019"]
[Site "Slovenia"]
[Date "2019.11.24"]
[Round "6"]
[White "Unuk, Laura"]
[Black "Zupancic, Urban"]
[Result "1-0"]
[ECO "E01"]
[WhiteElo "2298"]
[BlackElo "1993"]
[Annotator "NA"]
[PlyCount "65"]
[EventDate "2019.??.??"]
[EventCountry "SLO"]
[SourceTitle "playchess.com"]
[Source "ChessBase"]
[SourceQuality "1"]
[TimeControl "40/5400+30:1800+30"]

1. Nf3 d5 2. d4 Nf6 3. c4 c6 4. Qc2 e6 5. g3 Nbd7 6. Bg2 Ne4 7. O-O Bd6 8. Nc3 f5 9. Nxe4 fxe4 10. Ng5 Qf6 11. Be3 h6 12. Nh3 Qf5 13. cxd5 cxd5 14. Qb3 g5 15. f3 exf3 16. Rxf3 Qg6 17. Rff1 Nf6 18. Qb5+ Ke7 19. Bd2 Bd7 20. Qb3 a5 21. Nf2 Bc6 22. Rac1 a4 23. Qe3 Rhc8 24. Nd3 Ng4 25. Qf3 h5 26. Ne5 Nxe5 27. dxe5 Bxe5 28. Bb4+ Bd6 29. Qa3 Bxb4 30. Qxb4+ Kd7 31. e4 Rab8 32. e5 Qh6 33. Rf7+ 1-0

[Event "Slovenian chT 2019"]
[Site "Slovenia"]
[Date "2019.11.24"]
[Round "6"]
[White "Supancic, Darko"]
[Black "Gombac, Jan"]
[Result "1/2-1/2"]
[ECO "A49"]
[WhiteElo "2288"]
[BlackElo "2246"]
[Annotator "NA"]
[PlyCount "62"]
[EventDate "2019.??.??"]
[EventCountry "SLO"]
[SourceTitle "playchess.com"]
[Source "ChessBase"]
[SourceQuality "1"]
[TimeControl "40/5400+30:1800+30"]

1. d4 Nf6 2. Nf3 g6 3. g3 Bg7 4. Bg2 O-O 5. O-O d6 6. b3 e5 7. dxe5 Ng4 8. Bb2 Nxe5 9. Nxe5 dxe5 10. c4 c6 11. Nc3 Bf5 12. Qxd8 Rxd8 13. Rfd1 Na6 14. Be4 Be6 15. Rxd8+ Rxd8 16. Rd1 Rxd1+ 17. Nxd1 f5 18. Bb1 e4 19. Bxg7 Kxg7 20. f3 exf3 21. exf3 Kf6 22. f4 Ke7 23. Kf2 Kd6 24. Ke2 Kc5 25. Kd2 Kd4 26. Nc3 Nb4 27. Ne2+ Kc5 28. Nc3 Kd4 29. Ne2+ Kc5 30. Nc3 Kd4 31. Ne2+ Kc5 1/2-1/2

[Event "Slovenian chT 2019"]
[Site "Slovenia"]
[Date "2019.11.24"]
[Round "6"]
[White "Vombek, Dani"]
[Black "Pozun, Matej"]
[Result "1/2-1/2"]
[ECO "B23"]
[WhiteElo "2283"]
[BlackElo "2099"]
[Annotator "NA"]
[PlyCount "81"]
[EventDate "2019.??.??"]
[EventCountry "SLO"]
[SourceTitle "playchess.com"]
[Source "ChessBase"]
[SourceQuality "1"]
[TimeControl "40/5400+30:1800+30"]

1. e4 c5 2. Nc3 Nc6 3. f4 g6 4. Nf3 Bg7 5. Bb5 Nd4 6. Bd3 a6 7. Nxd4 cxd4 8. Ne2 e5 9. O-O d5 10. fxe5 Ne7 11. c4 dxe4 12. Bxe4 d3 13. Nc3 Qd4+ 14. Kh1 Nc6 15. b3 Nxe5 16. Ba3 Bg4 17. Qe1 O-O-O 18. Na4 Kb8 19. Bb2 Qd6 20. Qg3 Be2 21. Rfc1 f5 22. Bd5 Rhf8 23. Qf4 g5 24. Qg3 h6 25. Bf3 f4 26. Qf2 g4 27. Bxe2 dxe2 28. Qxe2 f3 29. Qf1 Qxd2 30. Bc3 Qg5 31. Rd1 g3 32. Rxd8+ Qxd8 33. gxf3 Qh4 34. Qg2 Rxf3 35. Qd2 Nd3 36. Bxg7 Rf2 37. Be5+ Ka8 38. Nb6+ Ka7 39. Nc8+ Ka8 40. Nb6+ Ka7 41. Nc8+ 1/2-1/2

[Event "Slovenian chT 2019"]
[Site "Slovenia"]
[Date "2019.11.24"]
[Round "6"]
[White "Kosmac, Blaz"]
[Black "Riegler, Primoz"]
[Result "1/2-1/2"]
[ECO "B60"]
[WhiteElo "2241"]
[BlackElo "2304"]
[Annotator "NA"]
[PlyCount "98"]
[EventDate "2019.??.??"]
[EventCountry "SLO"]
[SourceTitle "playchess.com"]
[Source "ChessBase"]
[SourceQuality "1"]
[TimeControl "40/5400+30:1800+30"]

1. e4 c5 2. Nf3 Nc6 3. d4 cxd4 4. Nxd4 Nf6 5. Nc3 d6 6. Bc4 Bd7 7. Bg5 Qa5 8. Bxf6 gxf6 9. Nb3 Qg5 10. g3 f5 11. Qe2 Bg7 12. Nd5 O-O 13. f4 Qg4 14. Qxg4 fxg4 15. O-O-O Rab8 16. Ne3 Rfd8 17. Be2 h5 18. Rd5 e5 19. Rxd6 Bf8 20. Rdd1 exf4 21. gxf4 Be6 22. Rhf1 a5 23. Bb5 Rxd1+ 24. Nxd1 a4 25. Nd2 Nd4 26. Bxa4 Bh6 27. Nc3 b5 28. Bb3 b4 29. Nd5 Bxd5 30. exd5 Bxf4 31. Kd1 Bxh2 32. c3 g3 33. cxd4 g2 34. Ke2 Re8+ 35. Kf3 g1=Q 36. Rxg1+ Bxg1 37. Nf1 Bxd4 38. Ng3 Bxb2 39. Kf4 Kh7 40. Nxh5 Re5 41. Kg4 Re7 42. Kf5 Kh6 43. Ng3 Re5+ 44. Kf4 Kg6 45. d6 Re8 46. Bc2+ Kf6 47. Ne4+ Ke6 48. Bb3+ Kd7 49. Ba4+ Kd8 1/2-1/2

[Event "Slovenian chT 2019"]
[Site "Slovenia"]
[Date "2019.11.24"]
[Round "6"]
[White "Zupancic, Jernej"]
[Black "Sebenik, Matej"]
[Result "1/2-1/2"]
[ECO "A16"]
[WhiteElo "2240"]
[BlackElo "2512"]
[Annotator "ChessBase"]
[PlyCount "112"]
[EventDate "2019.??.??"]
[EventCountry "SLO"]
[SourceTitle "playchess.com"]
[Source "ChessBase"]
[SourceQuality "1"]
[TimeControl "40/5400+30:1800+30"]

1. Nf3 g6 2. g3 Bg7 3. Bg2 Nf6 4. c4 O-O 5. O-O d5 6. cxd5 Nxd5 7. Nc3 Nb6 8. d3 Nc6 9. Be3 h6 10. Rb1 a5 11. Nd2 Nd4 12. Nde4 Kh7 13. Nc5 c6 14. a3 e5 15. b4 axb4 16. axb4 Ra3 17. Bd2 Nd5 18. Nxd5 cxd5 19. Nb3 Nxb3 20. Rxb3 Ra2 21. Rc3 e4 22. Rc2 Ra1 23. Rc1 Rxc1 24. Bxc1 Qe7 25. dxe4 dxe4 26. Qd5 f5 27. Qc5 Qxc5 28. bxc5 Bd7 29. Bf4 Ra8 30. Rb1 Bc6 31. Bd6 Kg8 32. Bc7 Bf8 33. Rc1 Kf7 34. Bf1 Ke6 35. e3 Bd5 36. Bb5 Rc8 37. Bb6 Be7 38. Kg2 g5 39. Rc2 h5 40. Kf1 h4 41. Ke1 Ra8 42. Kd2 Bd8 43. Bxd8 Rxd8 44. Kc1 Bc6 45. Bc4+ Ke5 46. Rd2 Ra8 47. Rd6 Re8 48. Kb2 Re7 49. Kc3 hxg3 50. hxg3 f4 51. gxf4+ gxf4 52. exf4+ Kxf4 53. Kd4 Re5 54. Rf6+ Rf5 55. Rxf5+ Kxf5 56. Ke3 Ke5 1/2-1/2